 Dungeon Crawl Stone Soup version 0.20-a0-1043-gbd57889 (webtiles) character file.

84 Gorglomux the Skirmisher (level 4, -3/42 HPs)
             Began as a Hill Orc Hunter on Apr 24, 2017.
             Slain by Sigmund
             ... wielding a +0 scythe
              (6 damage)
             ... on level 2 of the Dungeon.
             The game lasted 00:03:59 (1453 turns).

Gorglomux the Skirmisher (Hill Orc Hunter)          Turns: 1453, Time: 00:04:00

Health: -3/42      AC:  3    Str: 14    XL:     4   Next: 46%
Magic:  4/4        EV: 11    Int: 11    God:
Gold:   90         SH:  0    Dex: 12    Spells: 3/3 levels left

rFire    . . .     SeeInvis .   a - +0 short sword
rCold    . . .     Gourm    .   (no shield)
rNeg     . . .     Faith    .   b - +0 leather armour
rPois    .         Spirit   .   (no helmet)
rElec    .         Reflect  .   (no cloak)
rCorr    .         Harm     .   (no gloves)
MR       .....     Rnd*Tele +   (no boots)
Stlth    ..........             (no amulet)
Regen    0.2/turn               m - ring of teleportation (curse) {+/*tele, !d}
MPRegen  0.1/turn               j - ring of loudness (curse) {Stlth-}

@: no status effects
A: no striking features
a: no special abilities


You were on level 2 of the Dungeon.
You were not hungry.

You visited 1 branch of the dungeon, and saw 2 of its levels.

You collected 90 gold pieces.

Inventory:

Hand Weapons
 a - a +0 short sword (weapon)
Missiles
 d - a throwing net {=f, !d}
Armour
 b - a +0 leather armour (worn)
Jewellery
 j - a cursed ring of loudness (right hand) {Stlth-}
   (You found it on level 1 of the Dungeon)
 l - an uncursed ring of resist corrosion
   (You found it on level 2 of the Dungeon)
 m - a cursed ring of teleportation (left hand) {+/*tele, !d}
   (You took it off a hobgoblin on level 2 of the Dungeon)
Scrolls
 e - a scroll of amnesia
 k - a scroll of enchant armour
Comestibles
 f - 2 bread rations {@e1@e1}
 h - a royal jelly
 i - 8 chunks of flesh {@w0@w0}


   Skills:
 + Level 5.5 Fighting
 - Level 3.6 Throwing
 - Level 1.5 Dodging
 - Level 0.7 Stealth


You had 3 spell levels left.
You didn't know any spells.

Dungeon Overview and Level Annotations

Branches:
Dungeon (2/15)

Altars:
Ashenzari
Vehumet
Wu Jian

Annotations:
D:2 Sigmund


Message History

A jackal comes into view.
The jackal barks!
A jackal is nearby!
A jackal is nearby!
A jackal is nearby!
Aim: a jackal You throw a javelin.
The javelin barely misses the jackal.
You closely miss the jackal.
The jackal bites you but does no damage.
You barely miss the jackal. The jackal barely misses you.
The jackal closely misses you.
You miss the jackal. The jackal closely misses you.
You hit the jackal.
You kill the jackal!
No target in view!
No target in view!
Unknown command.
c - 6 javelins (gained 1)
A goblin comes into view.
The goblin shouts!
You barely miss the goblin. The goblin hits you. x2
You take 5 damage, and have 36/42 hp.
You barely miss the goblin. The goblin hits you.
You take 1 damage, and have 35/42 hp.
You barely miss the goblin. The goblin hits you.
You take 2 damage, and have 33/42 hp.
You closely miss the goblin. The goblin closely misses you.
Unknown command.
You closely miss the goblin. The goblin hits you but does no damage.
You hit the goblin. The goblin hits you but does no damage.
You hit the goblin.
You kill the goblin!
No target in view!
You see here a goblin corpse.
You butcher the goblin corpse.
i - 9 chunks of flesh {@w0@w0} (gained 3) Sigmund the Dreaded comes into view.
He is wielding a scythe.
Sigmund shouts!
You regained 2 hp, and now have 36/42 hp.
You aren't carrying any potions.
As you read the scroll labeled OLIWKY LA VAH, it crumbles to dust.
It is a scroll of amnesia.
You feel forgetful for a moment.
As you read the scroll labeled OTSECA TAEBUHYEMP, it crumbles to dust.
It is a scroll of identify.
k - a scroll of enchant armour
Aim: Sigmund, wielding a scythe and wearing a runed robe You throw a javelin.
The javelin barely misses Sigmund.
Aim: Sigmund, wielding a scythe and wearing a runed robe You throw a javelin.
The javelin hits Sigmund!
Aim: Sigmund, wielding a scythe and wearing a runed robe (heavily wounded)
You throw a javelin.
The javelin hits Sigmund but does no damage.
Sigmund hits you from afar with a scythe.
A giant cockroach comes into view.
You take 5 damage, and have 31/42 hp.
Aim: Sigmund, wielding a scythe and wearing a runed robe (heavily wounded)
You throw a javelin. The javelin barely misses Sigmund.
The javelin hits the giant cockroach!
You kill the giant cockroach!
Sigmund gestures wildly while chanting.
Sigmund flickers and vanishes!
Deactivating autopickup; reactivate with Ctrl-A.
You hear some strange, mumbled words.
Something tries to affect you, but you resist.
Really target yourself? [Y]es or [N]o only, please.
Really target yourself?
Okay, then.
Unknown command.
You throw a javelin. Something hits you.
You take 5 damage, and have 26/42 hp.
You throw a javelin. Something hits you but does no damage.
A puff of flame appears from out of thin air!
The puff of flame hits you!
You take 4 damage, and have 23/42 hp.
Some of the chunks of flesh in your inventory have rotted away.
Put on which piece of jewellery? (? for menu, Esc to quit)
You remove your ring of resist corrosion.
You feel slightly jumpy.
Oops, that ring feels deathly cold.
m - a cursed ring of teleportation (left hand)
You swing at nothing.
You swing at nothing.
You hear some strange, mumbled words.
A puff of flame appears from out of thin air!
The puff of flame hits you!
You take 6 damage, and have 19/42 hp.
Your leather armour prevents you from hitting something.
Something hits you.
You take 1 damage, and have 18/42 hp.
You miss something. You completely miss something. Something hits you!
* * * LOW HITPOINT WARNING * * *
You take 14 damage, and have 4/42 hp.
MASSIVE DAMAGE!!
You hit something but do no damage. Something hits you.
* * * LOW HITPOINT WARNING * * *
You take 2 damage, and have 2/42 hp.
You miss something. Something hits you.
You die...

##### #.. #...# #..
#...# #.. #...# #.####
#...# ######..... #...#
#>.........
####...###.####.....
#.{.................
#####.#@##..........(..#
#.....#.##............##
#.#####......#.####..##.
#.##########.#.#....##..
#..........#.#.#........
##########.#.#..........
#.#.###........ #{#.#
#........ #(#.#
#........


There were no monsters in sight!

Vanquished Creatures
  3 adders (D:2)
  2 oozes
  A dart slug (D:1)
  4 bats
  3 giant cockroaches
  8 goblins
  4 hobgoblins
  4 jackals
  A quokka (D:2)
  2 frilled lizards (D:2)
  5 kobolds
  4 rats (D:1)
41 creatures vanquished.

Notes
Turn   | Place    | Note
-------+----------+-------------------------------------------
     0 | D:1      | Gorglomux the Hill Orc Hunter began the quest for the Orb.
     0 | D:1      | Reached XP level 1. HP: 18/18 MP: 1/1
    56 | D:1      | Reached skill level 3 in Fighting
    71 | D:1      | Reached XP level 2. HP: 22/26 MP: 2/2
   292 | D:1      | HP: 6/27 [dart slug/slug dart (7)]
   295 | D:1      | Reached skill level 4 in Fighting
   555 | D:1      | Reached XP level 3. HP: 33/33 MP: 3/3
  1033 | D:2      | Found a radiant altar of Vehumet.
  1044 | D:2      | Reached skill level 5 in Fighting
  1044 | D:2      | Reached XP level 4. HP: 37/42 MP: 4/4
  1159 | D:2      | Found an ornate altar of the Wu Jian Council.
  1204 | D:2      | Found a shattered altar of Ashenzari.
  1420 | D:2      | Noticed Sigmund
  1451 | D:2      | HP: 4/42 [something (14)]
  1453 | D:2      | Slain by Sigmund

Vault maps used:
D:1:      dpeg_arrival_shelter, minmay_misc_feat_room, minmay_tetromino_o2
D:2:      nicolae_overflow_crystal_walls, overflow_temple_1_default,
          nicolae_ashenzari_panopticon, uniq_sigmund

Skill      XL: |  1  2  3 |
---------------+----------+-----
Fighting       | 3 4 5 |  5.5
Throwing       | |  3.6
Dodging        | |  1.5
Stealth        | |  0.7

Action                   |  1- 3 |  4- 6 || total
-------------------------+-------+-------++-------
Melee: Short sword       |   108 |    62 ||   170
Throw: Javelin           |    11 |    16 ||    27
       Throwing net      |     2 |       ||     2
  Use: Scroll            |       |     2 ||     2
 Stab: Sleeping          |     1 |       ||     1
  Eat: Chunk             |     1 |     1 ||     2
Armor: Leather armour    |    41 |    14 ||    55
Dodge: Dodged            |    72 |    37 ||   109

Vault maps used:
D:1:      dpeg_arrival_shelter, minmay_misc_feat_room, minmay_tetromino_o2
D:2:      nicolae_overflow_crystal_walls, overflow_temple_1_default,
          nicolae_ashenzari_panopticon, uniq_sigmund

Table legend:
 A = Turns spent in this place as a percentage of turns spent in the entire game.
 B = Non-inter-level travel turns spent in this place as a percentage of non-inter-level travel turns spent in the entire game.
 C = Inter-level travel turns spent in this place as a percentage of turns spent in this place.
 D = Turns resting spent in this place as a percentage of non-inter-level travel turns spent in this place.
 E = Turns spent auto-exploring this place as a percentage of non-inter-level travel turns spent in this place.
 F = Non-inter-level travel turns spent in this place divided by the number of levels of this place that you've seen.
                   A       B       C       D       E      F
               +-------+-------+-------+-------+-------+----------------------
         Total | 100.0 | 100.0 |   0.2 |   2.4 |   7.6 | 288.0
       Dungeon | 100.0 | 100.0 |   0.2 |   2.4 |   7.6 | 288.0
               +-------+-------+-------+-------+-------+----------------------

Table legend:
 A = Kills in this place as a percentage of kills in entire the game.
 B = Kills by you in this place as a percentage of kills by you in the entire game.
 C = Kills by friends in this place as a percentage of kills by friends in the entire game.
 D = Other kills in this place as a percentage of other kills in the entire game.
 E = Experience gained in this place as a percentage of experience gained in the entire game.
 F = Experience gained in this place divided by the number of levels of this place that you have seen.
                   A       B       C       D       E      F
               +-------+-------+-------+-------+-------+----------------------
         Total | 100.0 | 100.0 |  -nan |  -nan | 100.0 |  60.5
       Dungeon | 100.0 | 100.0 |  -nan |  -nan | 100.0 |  60.5
               +-------+-------+-------+-------+-------+----------------------
